 Dungeon Crawl Stone Soup version 0.26-a0-466-g989023bd0d (webtiles) character file.

Game seed: 11898232647834236816

2334 Gurkenglas the Prestidigitator (level 9, -3/47 HPs)
             Began as a Spriggan Artificer on July 24, 2020.
             Was a Believer of Nemelex Xobeh.
             Slain by a basilisk (10 damage)
             ... while petrified by a basilisk
             ... on level 8 of the Dungeon on July 30, 2020.
             The game lasted 01:23:42 (9672 turns).

Gurkenglas the Prestidigitator (Spriggan Artificer) Turns: 9672, Time: 01:23:43

Health: -3/47      AC:  2    Str:  8    XL:     9   Next: 19%
Magic:  10/10      EV:  4    Int: 13    God:    Nemelex Xobeh [**....]
Gold:   378        SH:  0    Dex: 19    Spells: 6/8 levels left

rFire    . . .     SeeInvis +   c - +0 hand crossbow
rCold    . . .     Faith    .   (shield restricted)
rNeg     + + +     Spirit   .   b - +0 robe
rPois    ∞         Reflect  +   (helmet restricted)
rElec    .         Harm     .   (no cloak)
rCorr    .                      (gloves unavailable)
MR       +....                  (boots unavailable)
Stlth    +++.......             y - amulet of reflection
HPRegen  0.15/turn              (no ring)
MPRegen  0.12/turn              (no ring)

@: petrified, very quick
A: very small, unfitting armour, see invisible, speed 3
a: Draw Escape, Draw Destruction, Draw Summoning, Renounce Religion


You were on level 8 of the Dungeon.
You worshipped Nemelex Xobeh.
Nemelex Xobeh was pleased with you.
You visited 2 branches of the dungeon, and saw 9 of its levels.

You collected 378 gold pieces.

Inventory:

Hand Weapons
 c - a +0 hand crossbow (weapon)
 p - a +3 flail
 D - a +0 hunting sling
 E - a +0 shortbow
 K - a +0 longbow
Missiles
 g - 301 stones
 h - 105 arrows
 u - 68 bolts (quivered)
Armour
 b - a +0 robe (worn)
Jewellery
 y - an amulet of reflection (around neck)
 C - an uncursed amulet of guardian spirit {unknown}
 J - an uncursed amulet of regeneration
Wands
 d - a wand of enslavement (10)
 e - a wand of random effects (7)
Scrolls
 f - a scroll of random uselessness {unknown}
 i - 3 scrolls of remove curse {unknown}
 l - 2 scrolls of fear
 m - a scroll of identify
 n - 2 scrolls of fog {unknown}
 s - a scroll of blinking {unknown}
 z - 3 scrolls of teleportation {unknown}
 A - a scroll of amnesia {unknown}
 B - a scroll of immolation {unknown}
 H - 2 scrolls of enchant weapon {unknown}
 L - 2 scrolls of enchant armour {unknown}
Potions
 a - a potion of stabbing {unknown}
 j - 5 potions of curing
 k - 2 potions of mutation {unknown}
 t - 4 potions of brilliance {unknown}
 v - 2 potions of might {unknown}
 w - 4 potions of flight {unknown}
 x - 4 potions of lignification {unknown}
 F - 2 potions of magic {unknown}
 I - 2 potions of heal wounds {unknown}


   Skills:
 + Level 5.1 Fighting
 + Level 1.4 Maces & Flails
 - Level 4.9(5.5) Slings
 - Level 4.1 Crossbows
 + Level 3.0(4.0) Throwing
 + Level 6.0 Dodging
 + Level 4.3 Stealth
 * Level 9.1 Evocations


You had 6 spell levels left.
You knew the following spells:

 Your Spells              Type           Power        Failure   Level
a - Blink                 Tloc           N/A          43%         2

Your spell library contained the following spells:

 Spells                   Type           Power        Failure   Level
 Magic Dart               Conj           #...         30%         1
 Call Imp                 Summ           #.......     43%         2
 Slow                     Hex            #.......     43%         2
 Conjure Flame            Conj/Fire      #.......     67%         3
 Mephitic Cloud           Conj/Pois/Air  #.......     67%         3


Dungeon Overview and Level Annotations

Branches:
Dungeon (8/15)             Temple (1/1) D:5
   Lair: D:8-11

Altars:
Ashenzari
Cheibriados
Dithmenos
Elyvilon
Fedhas
Gozag
Hepliaklqana
Kikubaaqudgha
Makhleb
Nemelex Xobeh
Okawaru
Qazlal
Ru
Sif Muna
Trog
Uskayaw
Vehumet
Wu Jian
Xom
Zin
The Shining One


Innate Abilities, Weirdness & Mutations

You are very small and have problems with some larger weapons.
You are too small for most types of armour.
You have supernaturally acute eyesight. (SInv)
You cover ground extremely quickly.


Message History

You shoot a bolt. The bolt hits the basilisk.
The basilisk is heavily wounded.
The basilisk gazes at you. You resist with almost no effort.
The basilisk gazes at you.
You are slowing down.
The basilisk bites you.
Your limbs are stiffening.
You see here a +2 dagger of venom.
You have turned to stone.
The basilisk bites you. The basilisk bites you!! The basilisk gazes at you.
You resist with almost no effort. The basilisk bites you!!
The basilisk bites you! The basilisk bites you!!
* * * LOW HITPOINT WARNING * * *
The basilisk bites you!!
You die...
Your body glows slightly and disappears.

################## .
#$.........#.#.#<## ..
#........(...#.#h#. ...
#.......((#..#.#(.. ....
#....(.(((#..#...#u
.....###((.......#..(##...
.........l.....(.#.#)#....
.....(...@.(..(....#.#.#u#
....(###..................
..(. #<[..(..........###
... #.##.#..(#.#..#.### ##
............r......
......#.##.......(u(
###..#.....!.........
...... #........... ....
..............


You could see a basilisk.

Vanquished Creatures
  Prince Ribbit (D:7)
  Sigmund (D:3)
  A sky beast (D:5)
  A phantom (D:7)
  3 ogres
  A centaur (D:5)
  A big kobold (D:7)
  4 bullfrogs
  3 scorpions
  4 wights (D:6)
  A howler monkey (D:4)
  A bullfrog zombie (D:7)
  4 hounds
  An orc priest (D:6)
  4 orc wizards
  A centaur skeleton (D:6)
  2 iguanas (D:5)
  5 worker ants
  The ghost of fly the Sneak, a weakling FoDe (D:5)
  A hound zombie (D:7)
  A worker ant zombie (D:5)
  A gnoll (D:2)
  A howler monkey skeleton (D:8)
  6 adders
  A white imp (D:7)
  2 oozes
  An adder zombie (D:8)
  2 adder skeletons (D:5)
  2 worms
  2 dart slugs (D:1)
  3 leopard geckos
  13 orcs
  2 giant cockroaches
  4 goblins
  4 hobgoblins
  13 jackals
  2 quokkas
  A ball python skeleton (D:5)
  5 bats
  7 frilled lizards
  7 kobolds
  A leopard gecko zombie (D:8)
  2 rats
124 creatures vanquished.

Vanquished Creatures (collateral kills)
  An orc (D:7)
  2 rats (D:2)
3 creatures vanquished.

Vanquished Creatures (others)
  A sky beast (D:8)
  An orc (D:7)
  2 jackals (D:2)
4 creatures vanquished.

Grand Total: 131 creatures vanquished

Notes
Turn   | Place    | Note
-------+----------+-------------------------------------------
     0 | D:1      | Gurkenglas the Spriggan Artificer began the quest for the
                  | Orb.
     0 | D:1      | Reached XP level 1. HP: 9/9 MP: 2/2
   769 | D:1      | Reached XP level 2. HP: 12/14 MP: 3/3
  1230 | D:2      | Reached skill level 5 in Evocations
  1335 | D:2      | Reached XP level 3. HP: 17/17 MP: 4/4
  2327 | D:2      | Reached skill level 1 in Throwing
  2356 | D:2      | Reached XP level 4. HP: 21/21 MP: 5/5
  2654 | D:3      | Noticed Sigmund
  2656 | D:3      | Killed Sigmund
  2656 | D:3      | Reached skill level 1 in Fighting
  2656 | D:3      | Reached skill level 5 in Dodging
  2656 | D:3      | Reached XP level 5. HP: 25/25 MP: 6/6
  2844 | D:3      | Reached skill level 1 in Maces & Flails
  2923 | D:3      | Found a shimmering altar of Xom.
  2927 | D:3      | Found an ancient bone altar of Kikubaaqudgha.
  2927 | D:3      | Found a blossoming altar of Fedhas.
  2929 | D:3      | Found a shimmering blue altar of Sif Muna.
  2929 | D:3      | Found a shimmering altar of Xom.
  2929 | D:3      | Found a snail-covered altar of Cheibriados.
  3337 | D:4      | Noticed an ogre
  3362 | D:4      | Reached XP level 6. HP: 30/30 MP: 7/7
  3390 | D:4      | Reached skill level 1 in Crossbows
  4201 | D:5      | Entered Level 5 of the Dungeon
  4232 | D:5      | Reached XP level 7. HP: 34/34 MP: 8/8
  4394 | D:5      | Found a staircase to the Ecumenical Temple.
  4417 | Temple   | Entered the Ecumenical Temple
  4569 | Temple   | Became a worshipper of Nemelex Xobeh the Trickster
  4701 | D:5      | Received a gift from Nemelex Xobeh
  5017 | D:5      | Reached skill level 6 in Evocations
  5263 | D:5      | Reached skill level 1 in Slings
  6453 | D:5      | Found a large runed translucent door.
  6454 | D:5      | Found a large runed translucent door.
  6454 | D:5      | Received a gift from Nemelex Xobeh
  6455 | D:5      | Noticed fly's ghost (weakling FoDe)
  6712 | D:5      | Killed fly's ghost
  6800 | D:6      | Reached * piety under Nemelex Xobeh
  6927 | D:6      | Reached XP level 8. HP: 37/39 MP: 9/9
  7299 | D:6      | Reached skill level 7 in Evocations
  7451 | D:6      | Found a shattered altar of Ashenzari.
  7811 | D:6      | Learned a level 2 spell: Blink
  7965 | D:7      | Reached skill level 8 in Evocations
  8937 | D:7      | Noticed Prince Ribbit
  8996 | D:7      | Killed Prince Ribbit
  8996 | D:7      | Reached XP level 9. HP: 46/46 MP: 10/10
  9239 | D:8      | Upgraded the game from 0.26-a0-412-ga3d1f51b80 to
                  | 0.26-a0-466-g989023bd0d
  9290 | D:7      | Reached skill level 5 in Fighting
  9458 | D:8      | Reached skill level 9 in Evocations
  9473 | D:8      | Reached ** piety under Nemelex Xobeh
  9478 | D:8      | Noticed a cyan ugly thing
  9496 | D:8      | Noticed a brown ugly thing
  9496 | D:8      | Noticed a brown ugly thing
  9672 | D:8      | Slain by a basilisk

Illustrated notes

Levels and vault maps discovered:
D:1:      saegor_arrival_simple_c, layout_basic
D:2:      layout_basic, minmay_3d_cube
D:3:      layout_basic, doesnt_xom_only_xom, uniq_sigmund
D:4:      layout_loops_ring
D:5:      layout_layer_cave, minmay_temple_entry_sparse_star,
          ebering_ghost_disaster_area, corexii_corridor_pit
D:6:      layout_cave_pools, serial_bayou_pond_e, minivault_11,
          cheibrodos_ashenzari_chains
D:7:      layout_loops_ring, uniq_prince_ribbit1
D:8:      minmay_cut_squares, layout_rooms, old_standard_altar,
          erik_lair_dragon, minmay_guarded_unrand_finisher
Temple:   regret_index_temple_sigil_plot

Skill      XL: |  1  2  3  4  5  6  7  8  9 |
---------------+----------------------------+-----
Stealth        | 2 3 4 |  4.3
Evocations     | 5 6 8 9 |  9.1
Dodging        | 4 5 6 |  6.0
Throwing       | 1 2 3 |  3.0
Fighting       | 1 2 4 5 |  5.1
Maces & Flails | 1 |  1.4
Crossbows      | 3 4 |  4.1
Slings         | 4 |  4.9

Action                   |  1- 3 |  4- 6 |  7- 9 || total
-------------------------+-------+-------+-------++-------
Melee: Club              |    77 |    19 |       ||    96
 Fire: Hand crossbow     |       |    64 |   211 ||   275
       Hunting sling     |       |       |   140 ||   140
Throw: Stone             |    72 |    18 |     7 ||    97
Invok: Draw Destruction  |       |       |     8 ||     8
       Draw Escape       |       |       |     1 ||     1
Evoke: Wand              |    22 |     3 |    18 ||    43
  Use: Scroll            |     2 |     2 |     2 ||     6
 Stab: Sleeping          |     3 |       |       ||     3
Armor: Robe              |    10 |     2 |     8 ||    20
Dodge: Dodged            |    83 |    28 |   120 ||   231
Block: Other             |       |       |    40 ||    40
       Reflection        |       |       |     4 ||     4

Table legend: (Time is in decaauts)
 A = Elapsed time spent in this place.
 B = Non-inter-level travel time spent in this place.
 C = Inter-level travel time spent in this place.
 D = Time resting spent in this place.
 E = Time spent auto-exploring this place.
 F = Levels seen in this place.
 G = Mean time per level.
                   A        B        C        D        E       F      G
               +--------+--------+--------+--------+--------+-----+--------+
         Total |   7164 |   7032 |    132 |    100 |   4838 |   9 |  796.0 |
       Dungeon |   6994 |   6866 |    128 |    100 |   4769 |   8 |  874.2 |
        Temple |    169 |    165 |      4 |      0 |     69 |   1 |  169.0 |
               +--------+--------+--------+--------+--------+-----+--------+

Top non-repeatable levels by time:
     D:5: 1554 daAuts
     D:7: 1297 daAuts
     D:2: 1066 daAuts
     D:1: 993 daAuts
     D:6: 806 daAuts
     D:4: 605 daAuts
     D:3: 565 daAuts
  Temple: 169 daAuts
     D:8: 106 daAuts
